 Dungeon Crawl Stone Soup version 0.23.2 (webtiles) character file.

Game seed: 5057532895966782905

1124 Leeroy the Conjurer (level 8, -1/73 HPs)
             Began as a Grey Draconian Conjurer on Apr 13, 2019.
             Was a Follower of Vehumet.
             Slain by a gnoll sergeant
             ... wielding a +2 trident of flaming
              (16 damage)
             ... on level 5 of the Dungeon.
             The game lasted 00:18:05 (5461 turns).

Leeroy the Conjurer (Grey Draconian Conjurer)       Turns: 5461, Time: 00:18:06

Health: -1/73      AC: 11    Str: 11    XL:     8   Next: 13%
Magic:  0/11       EV: 12    Int: 21    God:    Vehumet [*.....]
Gold:   26         SH:  5    Dex: 13    Spells: 4/11 levels left

rFire    . . .     SeeInvis +   q - +1 short sword (elec)
rCold    . . .     Gourm    .   m - +2 buckler
rNeg     . . .     Faith    .   (armour unavailable)
rPois    .         Spirit   .   (helmet restricted)
rElec    .         Reflect  .   (no cloak)
rCorr    .         Harm     .   (no gloves)
MR       .....                  (no boots)
Stlth    ++........             (no amulet)
HPRegen  0.22/turn              N - ring of see invisible
MPRegen  0.12/turn              (no ring)

@: brilliant, very slightly contaminated
A: walk through water, unfitting armour, unbreathing, cold-blooded, AC +11
a: Renounce Religion


You were on level 5 of the Dungeon.
You worshipped Vehumet.
Vehumet was aware of your devotion.
You were hungry.

You visited 2 branches of the dungeon, and saw 6 of its levels.

You collected 206 gold pieces.
You spent 180 gold pieces at shops.

Inventory:

Hand Weapons
 d - a +0 mace
 e - a +0 short sword
 i - a +0 hunting sling
 l - a +0 spear
 o - a +0 dagger
 q - a +1 short sword of electrocution (weapon)
 w - a +1 dagger of speed
 A - a +0 whip
 D - a +0 falchion
 F - a +0 trident
 G - a +0 falchion
 L - a +3 whip of flaming
 M - a +2 hand axe of chopping
Missiles
 a - 89 stones
 k - 4 exploding tomahawks (quivered)
 n - 15 bolts
 u - 46 sling bullets
 C - 9 tomahawks
 H - 13 poisoned needles
Armour
 m - a +2 buckler (worn)
 B - a +0 robe
Jewellery
 f - an uncursed amulet of the gourmand {unknown}
 p - a +3 ring of strength {unknown}
 t - an uncursed amulet of the acrobat {unknown}
 y - an uncursed ring of wizardry {unknown}
 K - an uncursed ring of resist corrosion {unknown}
 N - a ring of see invisible (left hand)
Scrolls
 c - 2 scrolls of teleportation
 g - a scroll of amnesia {unknown}
 h - 2 scrolls of fog
 s - a scroll of enchant armour {unknown}
 x - a scroll of fear {unknown}
 E - a scroll of enchant weapon {unknown}
Potions
 j - a potion of brilliance
 r - a potion of curing
 v - a potion of mutation {unknown}
 z - a potion of invisibility {unknown}
 I - a potion of might {unknown}
 O - a potion of lignification {unknown}
Comestibles
 b - a ration
 J - 2 chunks of flesh


   Skills:
 + Level 7.1 Fighting
 - Level 2.0 Short Blades
 - Level 3.1 Dodging
 - Level 1.7 Stealth
 - Level 2.0 Spellcasting
 - Level 7.1 Conjurations


You had 4 spell levels left.
You knew the following spells:

 Your Spells              Type           Power        Failure   Level  Hunger
a - Magic Dart            Conj           ####         1%          1    #......
b - Searing Ray           Conj           #####.       1%          2    ##.....
c - Dazzling Spray        Conj/Hex       ####..       2%          3    ###....
d - Sandblast             Erth           ##....       3%          1    #......

Your spell library contained the following spells:

 Spells                   Type           Power        Failure   Level  Hunger
 Iskenderun's Mystic Bla  Conj           #####...     1%          4    #####..
 Confusing Touch          Hex            ##....       3%          1    #......
 Force Lance              Conj/Tloc      ####....     7%          4    #####..
 Fulminant Prism          Conj/Hex       ####......   7%          4    #####..
 Confuse                  Hex            ##......     9%          3    ###....
 Gell's Gravitas          Tloc           ##........   9%          3    ###....
 Petrify                  Tmut/Erth      ##......     24%         4    #####..
 Metabolic Englaciation   Hex/Ice        ##........   50%         5    ######.
 Yara's Violent Unravell  Hex/Tmut       ##........   50%         5    ######.


Dungeon Overview and Level Annotations

Branches:
Dungeon (5/15)             Temple (1/1) D:4

Altars:
Ashenzari
Cheibriados
Dithmenos
Elyvilon
Fedhas
Hepliaklqana
Kikubaaqudgha
Makhleb
Nemelex Xobeh
Okawaru
Qazlal
Ru
Sif Muna
Trog
Uskayaw
Vehumet
Wu Jian
Xom
Yredelemnul
Zin
The Shining One

Shops:
D:5 =


Innate Abilities, Weirdness & Mutations

You can walk through water.
Your dull iron-grey scales are very hard. (AC +11)
You cannot fit into any form of body armour.
You can survive without breathing.
You are cold-blooded and may be slowed by cold attacks.


Message History

It was a potion of brilliance.
You feel clever all of a sudden. The gnoll sergeant closely misses you.
The gnoll sergeant hits you from afar with a +2 trident of flaming.
* * * LOW HITPOINT WARNING * * *
The gnoll sergeant burns you.
* * * LOW HITPOINT WARNING * * *
Casting: Dazzling Spray (safe; 2% risk of failure)
Confirm with . or Enter, or press ? or * to list all spells.
Aiming: Searing Ray (safe; 1% risk of failure)
Press: ? - help, Shift-Dir - straight line, f/p - gnoll sergeant
Aim: a gnoll sergeant, wielding a +2 trident of flaming, wearing a cursed +0 ring mail and wearing a +0 shield (fast)
The searing ray hits the gnoll shaman.
The gnoll shaman is moderately wounded. (Press . to maintain the ray.)
The gnoll sergeant closely misses you. The gnoll shaman closely misses you.
The searing ray hits the gnoll shaman but does no damage.
The gnoll shaman is moderately wounded.
The gnoll sergeant hits you from afar with a +2 trident of flaming!
You die...

.............##... ....
.(.g[..........#.# ..# #
..()(..........#.####.##......
+++#..##......................
##.##..............#.....#
#.................##...#
##..#............###?..# #
##..#............####...##
###.............@gg........## #..
............................##...
##[..##........####.............#
.....##..#....######...........##
.............##........#.......#
###..........##........#........#
.##...##...#.##......)##..!#.....
...........#.##....#.)#...##.....
.##.)........##....##.....###....


You could see a gnoll sergeant and a gnoll shaman.

Vanquished Creatures
  3 ogres
  2 gnoll sergeants (D:5)
  A crimson imp (D:5)
  2 orc priests
  2 gnoll shamans (D:5)
  2 hounds (D:5)
  3 orc wizards (D:4)
  An iguana (D:5)
  2 worker ants
  21 gnolls
  4 adders
  A shadow imp (D:5)
  An ooze (D:3)
  4 worms
  A dart slug (D:1)
  A leopard gecko (D:5)
  15 orcs
  3 giant cockroaches
  8 goblins
  10 hobgoblins
  7 jackals
  5 quokkas
  9 bats
  7 frilled lizards
  A jackal skeleton (D:5)
  13 kobolds
  A quokka skeleton (D:2)
  9 rats
139 creatures vanquished.

Vanquished Creatures (others)
  A human (D:4)
1 creature vanquished.

Grand Total: 140 creatures vanquished

Notes
Turn   | Place    | Note
-------+----------+-------------------------------------------
     0 | D:1      | Leeroy the Draconian Conjurer began the quest for the Orb.
     0 | D:1      | Reached XP level 1. HP: 14/14 MP: 3/3
   352 | D:1      | Reached XP level 2. HP: 20/20 MP: 1/5
   506 | D:1      | Learned a level 2 spell: Searing Ray
   929 | D:1      | Reached XP level 3. HP: 23/26 MP: 2/6
   934 | D:1      | Learned a level 3 spell: Dazzling Spray
   944 | D:1      | Reached skill level 5 in Conjurations
  1588 | D:2      | Reached skill level 1 in Short Blades
  1882 | D:2      | Reached XP level 4. HP: 29/33 MP: 7/7
  2659 | D:3      | Found a burning altar of Makhleb.
  3209 | D:4      | Reached XP level 5. HP: 37/38 MP: 1/8
  3667 | D:4      | Noticed an ogre
  3675 | D:4      | Killed an ogre
  3675 | D:4      | Reached XP level 6. HP: 45/45 MP: 3/9
  4066 | D:4      | Found a staircase to the Ecumenical Temple.
  4076 | Temple   | Entered the Ecumenical Temple
  4233 | Temple   | Became a worshipper of Vehumet
  4338 | D:4      | Found an ancient bone altar of Kikubaaqudgha.
  4339 | D:4      | Noticed a human
  4341 | D:4      | Killed a human
  4559 | D:5      | Entered Level 5 of the Dungeon
  4570 | D:5      | Reached skill level 1 in Fighting
  4597 | D:4      | Your scales start taking on a dull iron-grey colour.
  4597 | D:4      | Reached XP level 7. HP: 53/56 MP: 3/10
  4597 | D:4      | Gained mutation: You can survive without breathing. [Grey
                  | Draconian growth]
  5055 | D:5      | Reached * piety under Vehumet
  5055 | D:5      | Offered knowledge of Sandblast by Vehumet.
  5064 | D:5      | Learned a level 1 spell: Sandblast
  5075 | D:5      | Reached skill level 5 in Fighting
  5267 | D:5      | Found Eduusule's Jewellery Shop.
  5271 | D:5      | Bought an uncursed ring of see invisible for 180 gold
                  | pieces
  5351 | D:5      | Reached XP level 8. HP: 44/71 MP: 3/11
  5461 | D:5      | Slain by a gnoll sergeant

Skill      XL: |  1  2  3  4  5  6  7  8 |
---------------+-------------------------+-----
Conjurations   | 5 6 7 |  7.1
Short Blades   | 1 2 |  2.0
Dodging        | 2 3 |  3.1
Fighting       | 2 6 7 |  7.1
Stealth        | |  1.7
Spellcasting   | |  2.0

Action                   |  1- 3 |  4- 6 |  7- 9 || total
-------------------------+-------+-------+-------++-------
Melee: Unarmed           |    23 |       |       ||    23
       Mace              |     5 |       |       ||     5
       Short sword       |    87 |   136 |   122 ||   345
       Tailslap          |     9 |    18 |    20 ||    47
Throw: Tomahawk          |       |     1 |       ||     1
 Cast: Magic Dart        |    40 |    21 |     2 ||    63
       Searing Ray       |     3 |     9 |    11 ||    23
       Dazzling Spray    |       |     8 |     4 ||    12
  Use: Potion            |       |     1 |     1 ||     2
       Scroll            |       |       |     2 ||     2
 Stab: Sleeping          |     3 |     1 |       ||     4
       Invisible         |       |     4 |     1 ||     5
  Eat: Chunk             |     4 |    10 |     2 ||    16
       Ration            |       |     1 |       ||     1
Armor: Skin              |    35 |    29 |    69 ||   133
Dodge: Dodged            |    98 |    87 |   116 ||   301
Block: Buckler           |    11 |    41 |    32 ||    84
